 Dungeon Crawl Stone Soup version 0.31.0-11-ge490571c62 (webtiles) character file.

Game seed: 9378913533541432355

166 qw the Ducker (level 5, -6/25 HPs)
             Began as a Spriggan Hunter on Feb 5, 2024.
             Killed from afar by a white imp (13 damage)
             ... with a puff of frost
             ... on level 6 of the Dungeon.
             The game lasted 00:00:55 (1704 turns).

qw the Ducker (Spriggan Hunter)                     Turns: 1704, Time: 00:00:56

Health: -6/25      AC:  2    Str:  7    XL:     5   Next: 22%
Magic:  6/6        EV: 21    Int: 10    God:
Gold:   85         SH:  0    Dex: 21    Spells: 4/4 levels left

rFire   . . .        a - +0 shortbow
rCold   . . .        (shield currently unavailable)
rNeg    . . .        c - +0 robe
rPois   .            (helmet restricted)
rElec   .            (no cloak)
rCorr   .            (gloves unavailable)
SInv    +            (boots unavailable)
Will    .....        (no amulet)
Stlth   ++           (no ring)
HPRegen 0.24/turn    (no ring)
MPRegen 0.10/turn

%: no passive effects
@: very quick
A: very small, no large weapons, unfitting armour, see invisible, speed 3
a: no special abilities


You were on level 6 of the Dungeon.
You visited 1 branch of the dungeon, and saw 4 of its levels.

You collected 85 gold pieces.


Innate Abilities, Weirdness & Mutations

You are very small and have problems with some larger weapons.
You are too small for most types of armour.
You have supernaturally acute eyesight. (SInv)
You cover ground extremely quickly. (Speed+++)


   Skills:
 + Level 1.5 Fighting
 - Level 5.0 Ranged Weapons
 - Level 6.0 Dodging
 - Level 1.5 Stealth


You had 4 spell levels left.
You didn't know any spells.
Your spell library was empty.

Inventory:

Hand Weapons
 a - a +0 shortbow (weapon)
Armour
 c - a +0 robe (worn)
Jewellery
 b - a ring of fire
 d - a ring of ice
 f - a ring of magical power
Scrolls
 j - a scroll of enchant weapon {unknown}
Potions
 e - a potion of cancellation
 g - a potion of curing {unknown}
 h - a potion of might
 i - a potion of invisibility {unknown}

Dungeon Overview and Level Annotations

Branches:
Dungeon (3/15)

Altars:
Qazlal


Message History

The bullfrog is heavily wounded.
The bullfrog hits you. The bullfrog barely misses you.
You shoot an arrow. The arrow hits the bullfrog.
The bullfrog is severely wounded.
The bullfrog closely misses you.
You shoot an arrow. The arrow closely misses the bullfrog.
The bullfrog hits you! The bullfrog barely misses you.
You shoot an arrow. The arrow hits the bullfrog.
The bullfrog is almost dead.
The bullfrog hits you! The bullfrog closely misses you.
You shoot an arrow. The arrow hits the bullfrog.
You kill the bullfrog!
Your Dodging skill gained 2 levels and is now at level 6!
You have reached level 5!
You feel agile.
You start resting.
HP restored.
j - a scroll labelled HOZXAE GACOY A white imp comes into view.
You shoot an arrow.
The arrow hits the white imp but does no damage.
The white imp shouts, "Turn tail, thou bootless knotty-pated bladder!"
You shoot an arrow.
The arrow hits the white imp but does no damage.
The white imp gestures at you. The puff of frost hits you!
You shoot an arrow. The arrow hits the white imp.
The white imp is moderately wounded.
The white imp gestures at you. The puff of frost hits you!
You shoot an arrow. The arrow closely misses the white imp.
The white imp gestures at you. The puff of frost misses you.
You shoot an arrow. The arrow barely misses the white imp.
You shoot an arrow. The arrow hits the white imp.
The white imp is severely wounded.
You shoot an arrow. The arrow closely misses the white imp.
The white imp gestures at you. The puff of frost hits you!
Ouch! That really hurt!
You die...

.##...... ##...........
.....##... #...........
...........
#..........##..........
#........#.............
........#.............
......##..........#.
#....###..#........
#.@# ##............
#5.###..####.......
#.#..#....#.........
#..#.....#...........
#.. #.....#...........
##.......###..........
#....#...............
...........##...###...
.........#####.... ...


You could see a white imp.

Vanquished Creatures
  A bullfrog (D:6)
  Natasha (twice) (D:2)
  2 adders
  An endoplasm (D:1)
  2 giant cockroaches (D:1)
  5 goblins
  3 hobgoblins
  4 ball pythons
  3 bats
  A frilled lizard (D:2)
  7 kobolds
  3 rats (D:2)
34 creatures vanquished.

Notes
Turn   | Place    | Note
-------+----------+-------------------------------------------
     0 | D:1      | qw the Spriggan Hunter began the quest for the Orb.
     0 | D:1      | Reached XP level 1. HP: 10/10 MP: 2/2
     0 | D:1      | 0 ||| qw: Version: 0.3-a-160-g6735b56
     0 | D:1      | 0 ||| qw: Game counter: 6304
     0 | D:1      | 0 ||| qw: Melee chars always use a shield: true
     0 | D:1      | 0 ||| qw: God list: Okawaru
     0 | D:1      | 0 ||| qw: Allow faded altars: false
     0 | D:1      | 0 ||| qw: Do Orc after clearing Dungeon:15 true
     0 | D:1      | 0 ||| qw: Do second Lair branch before Depths: true
     0 | D:1      | 0 ||| qw: Lair rune preference: random
     0 | D:1      | 0 ||| qw: Goals: Normal
     0 | D:1      | 0 ||| PLANNING D:1-11
    30 | D:1      | Reached skill level 3 in Dodging
   131 | D:1      | Reached XP level 2. HP: 14/14 MP: 3/3
   269 | D:1      | Reached skill level 4 in Dodging
   512 | D:1      | 512 ||| READING 2 scrolls labelled MOAB EHAUNOMP.
   512 | D:1      | 512 ||| IDENTIFYING white potion
   513 | D:1      | 513 ||| READING scroll of identify.
   513 | D:1      | 513 ||| IDENTIFYING scroll labelled DATWYS SOMOIROSIM
   514 | D:1      | 514 ||| READING 2 scrolls labelled BUCLYK IBANO.
   515 | D:1      | 515 ||| READING scroll labelled ONWOUJ WYCI.
   516 | D:1      | 516 ||| READING scroll labelled TAANTU XUATOWO.
   517 | D:1      | 517 ||| READING scroll labelled CYQANU OLOLENT.
   522 | D:1      | 522 ||| DROPPING scroll of butterflies.
   523 | D:1      | 523 ||| DROPPING scroll of noise.
   524 | D:1      | 524 ||| DROPPING scroll of immolation.
   535 | D:2      | 535 ||| STAIRDANCE
   553 | D:2      | 553 ||| STAIRDANCE
   908 | D:2      | Found a stormy altar of Qazlal.
  1143 | D:2      | Reached XP level 3. HP: 18/18 MP: 4/4
  1180 | D:2      | Noticed Natasha
  1192 | D:2      | Killed Natasha
  1380 | D:2      | 1380 ||| READING scroll of identify.
  1380 | D:2      | 1380 ||| IDENTIFYING yellow potion
  1381 | D:2      | 1381 ||| READING scroll labelled VIPIHI QAGH.
  1383 | D:2      | 1383 ||| Stepping ~*~*~tactically~*~*~ (cloud).
  1388 | D:2      | HP: 4/18 [poisoned by you (poison gas)]
  1392 | D:2      | Noticed Natasha
  1395 | D:2      | Killed Natasha
  1396 | D:2      | Reached XP level 4. HP: 4/22 MP: 5/5
  1572 | D:3      | You fall into a shaft and drop 3 floors!
  1582 | D:6      | Noticed a bullfrog
  1591 | D:6      | HP: 2/22 [bullfrog (7)]
  1592 | D:6      | Killed a bullfrog
  1593 | D:6      | Reached skill level 6 in Dodging
  1593 | D:6      | Reached XP level 5. HP: 3/25 MP: 6/6
  1700 | D:6      | HP: 5/25 [white imp/puff of frost (10)]
  1704 | D:6      | Killed from afar by a white imp

Levels and vault maps discovered:
D:1:      lordsloth_arrival_two_stooges, layout_loops_ring
D:2:      wad_lake_hut, layout_basic, basic_altar, grunt_ministairs_2,
          uniq_natasha
D:3:      layout_loops_cross, chequers_ecumenical_altar_simple,
          minmay_curled_crystal, uniq_terence
D:6:      layout_cave_pools, serial_library_hellmonk_room_b

Skill      XL: |  1  2  3  4 |
---------------+-------------+-----
Dodging        | 3 4 6 |  6.0
Ranged Weapons | 5 |  5.0
Fighting       | |  1.5
Stealth        | |  1.5

Action                     |  1- 3 |  4- 6 || total
---------------------------+-------+-------++-------
   Fire: Shortbow          |    78 |    27 ||   105
    Use: Scroll            |     8 |       ||     8
 Armour: Robe              |    12 |     9 ||    21
  Dodge: Dodged            |    20 |    11 ||    31

Table legend:
 A = Non-vault XP
 B = Vault XP
 C = Vault XP percentage of total XP
 D = Non-vault monster count
 E = Vault monster count
 F = Vault count percentage of total count
                 A         B        C        D         E       F
            +---------+---------+-------+---------+---------+-------
      Total |     200 |      38 |  16.0 |      31 |       3 |   8.8
            +---------+---------+-------+---------+---------+-------
        D:1 |      21 |       0 |   0.0 |      12 |       0 |   0.0
        D:2 |      67 |      38 |  36.2 |      16 |       3 |  15.8
        D:3 |      15 |       0 |   0.0 |       2 |       0 |   0.0
        D:6 |      97 |       0 |   0.0 |       1 |       0 |   0.0
            +---------+---------+-------+---------+---------+-------
